[Event "71st MNE-ch 2019"]
[Site "Podgorica"]
[Date "2019.05.26"]
[Round "9.15"]
[White "Petrovic, Slavko"]
[Black "Rakic, Tijana"]
[Result "1-0"]
[ECO "B01"]
[WhiteElo "1945"]
[BlackElo "1579"]
[Annotator "NA"]
[PlyCount "107"]
[EventDate "2019.05.18"]
[EventType "swiss"]
[EventCountry "MNE"]
[SourceTitle "playchess.com"]
[Source "ChessBase"]
[SourceQuality "1"]
[TimeControl "40/5400+30:1800+30"]

1. e4 d5 2. exd5 Qxd5 3. d4 Nf6 4. Nf3 Bg4 5. Be2 Nc6 6. c4 Qh5 7. Bf4 O-O-O 8. d5 e5 9. Be3 e4 10. Nd4 Bxe2 11. Qxe2 Qxe2+ 12. Kxe2 Ne5 13. b3 Nfg4 14. h3 Nxe3 15. fxe3 g6 16. Nd2 f5 17. a3 c6 18. dxc6 Nxc6 19. Ne6 Rd3 20. Nf4 Rd7 21. b4 Bg7 22. Ra2 Ne7 23. Rc1 g5 24. Ne6 Be5 25. g4 Rd6 26. Nxg5 Rf6 27. gxf5 Nxf5 28. Ngxe4 Rh6 29. Rf1 Ng3+ 30. Nxg3 Bxg3 31. Rf3 Rxh3 32. Nf1 Rg8 33. Rd2 h5 34. Rd3 h4 35. e4 Rg4 36. Rde3 Kc7 37. Kd3 Kd6 38. c5+ Kc6 39. a4 a6 40. Rf6+ Kc7 41. b5 axb5 42. axb5 Rh1 43. Rf7+ Kb8 44. Rff3 Rg5 45. Kc4 Be5 46. Rf8+ Kc7 47. Ref3 Rg7 48. Kd5 Bg3 49. R3f7+ Rxf7 50. Rxf7+ Kb8 51. e5 Bxe5 52. Kxe5 h3 53. b6 Rg1 54. Rf8# 1-0